TOP OF THE 1ST |
Texas A&M Aggies batting - Pitching for North Carolina State Wolfpack : LHP Paul Mallette
|
Pitching: LHP Paul Mallette
|
|
Batting: RHB Irwin Robinson
|
0-0: Ball 1-0: Swinging Strike 1-1: Foul Ball, location: 2F 1-2: Foul Ball, location: 2F 1-2: Ball 2-2: Strikes out looking
|
Batting: RHB Júlio Hobbs
|
0-0: Ball 1-0: SOLO HOME RUN (Flyball, 7LD), Distance : 341 ft
|
Batting: LHB Edward Bennett
|
0-0: Ball 1-0: Swinging Strike 1-1: Ball 2-1: Swinging Strike 2-2: Strikes out swinging
|
Batting: RHB William Dyer
|
0-0: Ground out 6-3 (Groundball, 6)
|
Top of the 1st over - 1 run(s), 1 hit(s), 0 error(s), 0 left on base; Texas A&M 1 - North Carolina State 0 |
BOTTOM OF THE 1ST |
North Carolina State Wolfpack batting - Pitching for Texas A&M Aggies : RHP Johnny Jacobs
|
Pitching: RHP Johnny Jacobs
|
|
Batting: SHB Mark Hendree
|
0-0: Fly out, F8 (Flyball, 78S)
|
Batting: LHB Steven Gregory
|
0-0: Called Strike 0-1: Ball 1-1: SINGLE (Flyball, 8RS)
|
Batting: LHB Aaron Atkins
|
0-0: Ball 1-0: Ball Steven Gregory steals 2nd base 2-0: Reached on error, E5 (Groundball, 56) Steven Gregory to third
|
Batting: LHB Shawn Joyce
|
0-0: Ball 1-0: Foul Ball, location: 2F 1-1: Ball 2-1: Foul Ball, location: 2F 2-2: Foul Ball, location: 2F 2-2: Ball 3-2: Base on Balls Aaron Atkins to second
|
Batting: RHB Larry Glover
|
0-0: Swinging Strike 0-1: Foul Ball, location: 2F 0-2: Strikes out looking
|
Batting: RHB Brian Francis
|
0-0: Ball 1-0: Ball 2-0: Ball 3-0: Base on Balls Steven Gregory scores Aaron Atkins to third Shawn Joyce to second
|
Batting: SHB Joel Clay
|
0-0: Foul Ball, location: 2F 0-1: Ball 1-1: Ball 2-1: Swinging Strike 2-2: Ball 3-2: SINGLE (Groundball, 34D) Aaron Atkins scores Shawn Joyce to third Brian Francis to second Shawn Joyce scores Brian Francis to third
|
Batting: SHB Dave Williams
|
0-0: SINGLE (Flyball, 78M) Brian Francis scores Joel Clay to second
|
Batting: LHB John Fuller
|
0-0: Ball 1-0: Foul Ball, location: 2F 1-1: Called Strike 1-2: 3-RUN HOME RUN (Flyball, 89XD), Distance : 362 ft
|
Batting: SHB Mark Hendree
|
0-0: Fly out, F7 (Flyball, 7LS)
|
Bottom of the 1st over - 7 run(s), 4 hit(s), 1 error(s), 0 left on base; Texas A&M 1 - North Carolina State 7 |
TOP OF THE 2ND |
Texas A&M Aggies batting - Pitching for North Carolina State Wolfpack : LHP Paul Mallette
|
Batting: RHB Jason Lawson
|
0-0: Ball 1-0: Ball 2-0: Called Strike 2-1: Ball 3-1: Called Strike 3-2: Foul Ball, location: 2F 3-2: Foul Ball, location: 2F 3-2: Base on Balls
|
Batting: RHB Daniel Pineda
|
0-0: Ball 1-0: Swinging Strike 1-1: Fly out, F8 (Flyball, 8RD)
|
Batting: RHB Jack Gillespie
|
0-0: Fly out, F7 (Flyball, 7)
|
Batting: RHB Mike Tate
|
0-0: Fielders Choice at 2nd, 5-4 (Groundball, 5L)
|
Top of the 2nd over - 0 run(s), 0 hit(s), 0 error(s), 0 left on base; Texas A&M 1 - North Carolina State 7 |
BOTTOM OF THE 2ND |
North Carolina State Wolfpack batting - Pitching for Texas A&M Aggies : RHP Johnny Jacobs
|
Batting: LHB Steven Gregory
|
0-0: Fly out, F8 (Line Drive, 8RS)
|
Batting: LHB Aaron Atkins
|
0-0: Ball 1-0: SINGLE (Line Drive, 34)
|
Batting: LHB Shawn Joyce
|
0-0: Called Strike 0-1: Ball 1-1: Swinging Strike 1-2: Fly out, F8 (Flyball, 8RM)
|
Batting: RHB Larry Glover
|
0-0: Ball 1-0: Ball 2-0: Called Strike 2-1: Foul Ball, location: 2F 2-2: Strikes out swinging
|
Bottom of the 2nd over - 0 run(s), 1 hit(s), 0 error(s), 1 left on base; Texas A&M 1 - North Carolina State 7 |
TOP OF THE 3RD |
Texas A&M Aggies batting - Pitching for North Carolina State Wolfpack : LHP Paul Mallette
|
Batting: RHB Anthony Graham
|
0-0: Called Strike 0-1: Swinging Strike 0-2: Ball 1-2: Strikes out swinging
|
Batting: RHB Irwin Robinson
|
0-0: Ground out 6-3 (Groundball, 6S)
|
Batting: RHB Júlio Hobbs
|
0-0: Ground out 1-3 (Groundball, P)
|
Top of the 3rd over - 0 run(s), 0 hit(s), 0 error(s), 0 left on base; Texas A&M 1 - North Carolina State 7 |
BOTTOM OF THE 3RD |
North Carolina State Wolfpack batting - Pitching for Texas A&M Aggies : RHP Johnny Jacobs
|
Pitching: LHP Jeffrey Hays
|
|
Batting: RHB Brian Francis
|
0-0: Called Strike 0-1: Ball 1-1: Foul Ball, location: 2F 1-2: Ground out 6-3 (Groundball, 6)
|
Batting: SHB Joel Clay
|
0-0: Called Strike 0-1: Foul Ball, location: 2F 0-2: Strikes out swinging
|
Batting: SHB Dave Williams
|
0-0: Foul Ball, location: 2F 0-1: Ground out 5-3 (Groundball, 56)
|
Bottom of the 3rd over - 0 run(s), 0 hit(s), 0 error(s), 0 left on base; Texas A&M 1 - North Carolina State 7 |
TOP OF THE 4TH |
Texas A&M Aggies batting - Pitching for North Carolina State Wolfpack : LHP Paul Mallette
|
Batting: LHB Edward Bennett
|
0-0: SINGLE (Line Drive, 89S)
|
Batting: RHB William Dyer
|
0-0: SINGLE (Line Drive, 4D) Edward Bennett to second Throwing error, E9 Edward Bennett scores William Dyer to second
|
Batting: RHB Jason Lawson
|
0-0: Ball 1-0: Ball 2-0: Called Strike 2-1: Ground out 4-3 (Groundball, 4) William Dyer to third
|
Batting: RHB Daniel Pineda
|
0-0: Ball 1-0: Ball 2-0: Called Strike 2-1: Fly out, F4 (Line Drive, 4)
|
Batting: RHB Jack Gillespie
|
0-0: Ball 1-0: Ground out 6-3 (Groundball, 6S)
|
Top of the 4th over - 1 run(s), 2 hit(s), 1 error(s), 1 left on base; Texas A&M 2 - North Carolina State 7 |
BOTTOM OF THE 4TH |
North Carolina State Wolfpack batting - Pitching for Texas A&M Aggies : LHP Jeffrey Hays
|
Batting: LHB John Fuller
|
0-0: Ball 1-0: Ball 2-0: Ball 3-0: Base on Balls
|
Batting: SHB Mark Hendree
|
0-0: Called Strike 0-1: Ball 1-1: Foul Ball, location: 2F 1-2: Foul Ball, location: 2F 1-2: Foul Ball, location: 2F 1-2: Ball 2-2: Ball 3-2: 2-RUN HOME RUN (Flyball, 78XD), Distance : 390 ft
|
Batting: LHB Steven Gregory
|
0-0: Ball 1-0: Ball 2-0: Called Strike 2-1: Called Strike 2-2: Fly out, F8 (Flyball, 8RD)
|
Batting: LHB Aaron Atkins
|
0-0: Called Strike 0-1: Foul Ball, location: 2F 0-2: Ball 1-2: Ball 2-2: Ball 3-2: Foul Ball, location: 2F 3-2: Ground out U3 (Groundball, 3)
|
Batting: LHB Shawn Joyce
|
0-0: Called Strike 0-1: Ball 1-1: Called Strike 1-2: Foul Ball, location: 2F 1-2: Foul Ball, location: 2F 1-2: Ball 2-2: Fly out, F7 (Flyball, 7LS)
|
Bottom of the 4th over - 2 run(s), 1 hit(s), 0 error(s), 0 left on base; Texas A&M 2 - North Carolina State 9 |
TOP OF THE 5TH |
Texas A&M Aggies batting - Pitching for North Carolina State Wolfpack : LHP Paul Mallette
|
Batting: RHB Mike Tate
|
0-0: Called Strike 0-1: Ground out 5-3 (Groundball, 56)
|
Batting: RHB Anthony Graham
|
0-0: Ball 1-0: Foul Ball, location: 2F 1-1: Ball 2-1: SINGLE (Line Drive, 6MD)
|
Batting: RHB Irwin Robinson
|
0-0: Called Strike 0-1: Foul Ball, location: 2F 0-2: Foul Ball, location: 2F 0-2: Foul Ball, location: 2F 0-2: Ball 1-2: Foul Ball, location: 2F 1-2: Strikes out swinging
|
Batting: RHB Júlio Hobbs
|
0-0: Called Strike 0-1: Ground out 6-3 (Groundball, 6M)
|
Top of the 5th over - 0 run(s), 1 hit(s), 0 error(s), 1 left on base; Texas A&M 2 - North Carolina State 9 |
BOTTOM OF THE 5TH |
North Carolina State Wolfpack batting - Pitching for Texas A&M Aggies : LHP Jeffrey Hays
|
Batting: RHB Larry Glover
|
0-0: Foul Ball, location: 2F 0-1: Ball 1-1: Foul Ball, location: 2F 1-2: Ball 2-2: Foul Ball, location: 2F 2-2: Foul Ball, location: 2F 2-2: Ball 3-2: Base on Balls
|
Pitching: RHP Jon Etheridge
|
|
Batting: RHB Brian Francis
|
0-0: Called Strike 0-1: Called Strike 0-2: Foul Ball, location: 2F 0-2: Fielders Choice at 2nd, 6-4 (Groundball, 6)
|
Batting: SHB Joel Clay
|
0-0: Ball 1-0: Ball 2-0: Called Strike 2-1: SINGLE (Groundball, 34D) Brian Francis to second Runner from 2nd tries for 3rd, SAFE, throw made to third
|
Batting: SHB Dave Williams
|
0-0: Called Strike 0-1: Fly out, F7 (Flyball, 7) Runner from 3rd tags up, SCORES, no throw
|
Batting: LHB John Fuller
|
0-0: Fly out, F8 (Flyball, 8LM)
|
Bottom of the 5th over - 1 run(s), 1 hit(s), 0 error(s), 1 left on base; Texas A&M 2 - North Carolina State 10 |
TOP OF THE 6TH |
Texas A&M Aggies batting - Pitching for North Carolina State Wolfpack : LHP Paul Mallette
|
Batting: LHB Edward Bennett
|
0-0: Ball 1-0: Ball 2-0: Ball 3-0: Called Strike 3-1: Fly out, F2 (Popup, 4S)
|
Batting: RHB William Dyer
|
0-0: Foul Ball, location: 2F 0-1: Ball 1-1: Ball 2-1: Called Strike 2-2: Foul Ball, location: 2F 2-2: Strikes out swinging
|
Batting: RHB Jason Lawson
|
0-0: Fly out, F9 (Flyball, 9)
|
Top of the 6th over - 0 run(s), 0 hit(s), 0 error(s), 0 left on base; Texas A&M 2 - North Carolina State 10 |
BOTTOM OF THE 6TH |
North Carolina State Wolfpack batting - Pitching for Texas A&M Aggies : RHP Jon Etheridge
|
Batting: SHB Mark Hendree
|
0-0: Called Strike 0-1: Swinging Strike 0-2: Foul Ball, location: 2F 0-2: Foul Ball, location: 2F 0-2: Foul Ball, location: 2F 0-2: Ball 1-2: Foul Ball, location: 2F 1-2: Ball 2-2: Foul Ball, location: 2F 2-2: Fly out, F4 (Popup, 34D)
|
Batting: LHB Steven Gregory
|
0-0: Fly out, F5 (Popup, 56)
|
Batting: LHB Aaron Atkins
|
0-0: Called Strike 0-1: Ball 1-1: Ball 2-1: Foul Ball, location: 2F 2-2: Ball 3-2: Ground out 1-3 (Groundball, 15S)
|
Bottom of the 6th over - 0 run(s), 0 hit(s), 0 error(s), 0 left on base; Texas A&M 2 - North Carolina State 10 |
TOP OF THE 7TH |
Texas A&M Aggies batting - Pitching for North Carolina State Wolfpack : LHP Paul Mallette
|
Batting: RHB Daniel Pineda
|
0-0: Called Strike 0-1: Swinging Strike 0-2: Ball 1-2: Strikes out swinging
|
Batting: RHB Jack Gillespie
|
0-0: Called Strike 0-1: Ground out 3-1 (Groundball, 34S)
|
Batting: RHB Mike Tate
|
0-0: Called Strike 0-1: SINGLE (Groundball, 56D)
|
Pitching: RHP Pat Schwartz
|
|
Batting: RHB Anthony Graham
|
0-0: Called Strike 0-1: Ball 1-1: Ball Passed Ball! Mike Tate to second 2-1: Foul Ball, location: 2F 2-2: Ground out 5-3 (Groundball, 56)
|
Top of the 7th over - 0 run(s), 1 hit(s), 0 error(s), 1 left on base; Texas A&M 2 - North Carolina State 10 |
BOTTOM OF THE 7TH |
North Carolina State Wolfpack batting - Pitching for Texas A&M Aggies : RHP Jon Etheridge
|
Batting: LHB Shawn Joyce
|
0-0: Called Strike 0-1: Ball 1-1: Foul Ball, location: 2F 1-2: Strikes out looking
|
Batting: RHB Larry Glover
|
0-0: Ball 1-0: Foul Ball, location: 2F 1-1: Foul Ball, location: 2F 1-2: Strikes out swinging
|
Batting: RHB Brian Francis
|
0-0: Ball 1-0: Ball 2-0: Ball 3-0: Base on Balls
|
Batting: SHB Joel Clay
|
0-0: Ball 1-0: Called Strike 1-1: Swinging Strike 1-2: Fly out, F9 (Line Drive, 89D)
|
Bottom of the 7th over - 0 run(s), 0 hit(s), 0 error(s), 1 left on base; Texas A&M 2 - North Carolina State 10 |
TOP OF THE 8TH |
Texas A&M Aggies batting - Pitching for North Carolina State Wolfpack : RHP Pat Schwartz
|
Batting: RHB Irwin Robinson
|
0-0: Ball 1-0: Called Strike 1-1: Called Strike 1-2: Strikes out swinging
|
Batting: RHB Júlio Hobbs
|
0-0: Foul Ball, location: 2F 0-1: Ball 1-1: SINGLE (Flyball, 9LM)
|
Batting: LHB Edward Bennett
|
0-0: Swinging Strike 0-1: Ball 1-1: Called Strike 1-2: Fly out, F8 (Flyball, 8LS)
|
Batting: RHB William Dyer
|
0-0: Ball 1-0: Foul Ball, location: 2F 1-1: Ball 2-1: Fly out, F9 (Flyball, 9LM)
|
Top of the 8th over - 0 run(s), 1 hit(s), 0 error(s), 1 left on base; Texas A&M 2 - North Carolina State 10 |
BOTTOM OF THE 8TH |
North Carolina State Wolfpack batting - Pitching for Texas A&M Aggies : RHP Jon Etheridge
|
Batting: SHB Dave Williams
|
0-0: Ball 1-0: SINGLE (Groundball, 4MD)
|
Batting: LHB John Fuller
|
0-0: Called Strike 0-1: Foul Ball, location: 2F 0-2: Ball 1-2: 2-RUN HOME RUN (Flyball, 89XD), Distance : 375 ft
|
Pitching: LHP Dan Riggs
|
|
Batting: SHB Mark Hendree
|
0-0: Foul Ball, location: 2F 0-1: Foul Ball, location: 2F 0-2: Foul Ball, location: 2F 0-2: Foul Ball, location: 2F 0-2: Ball 1-2: Strikes out swinging
|
Batting: LHB Steven Gregory
|
0-0: Foul Ball, location: 2F 0-1: Ball 1-1: Ball 2-1: Called Strike 2-2: Foul Ball, location: 2F 2-2: SOLO HOME RUN (Line Drive, 9LD), Distance : 334 ft
|
Batting: LHB Aaron Atkins
|
0-0: Ground out 1-3 (Groundball, 13)
|
Batting: LHB Shawn Joyce
|
0-0: Ball 1-0: Fly out, F8 (Line Drive, 78M)
|
Bottom of the 8th over - 3 run(s), 3 hit(s), 0 error(s), 0 left on base; Texas A&M 2 - North Carolina State 13 |
TOP OF THE 9TH |
Texas A&M Aggies batting - Pitching for North Carolina State Wolfpack : RHP Pat Schwartz
|
Now in RF: Alex Miller
|
|
Pinch Hitting: RHB Pat Thomas
|
0-0: Called Strike 0-1: Called Strike 0-2: Ball 1-2: Ground out 6-3 (Groundball, 56)
|
Batting: RHB Daniel Pineda
|
0-0: Called Strike 0-1: Ball 1-1: Ball 2-1: SINGLE (Line Drive, 78M)
|
Batting: RHB Jack Gillespie
|
0-0: Ball 1-0: Grounds into double play, 4-6-3 (Groundball, 4)
|
Top of the 9th over - 0 run(s), 1 hit(s), 0 error(s), 0 left on base; Texas A&M 2 - North Carolina State 13 |
|